Map: Lerilak Crest

Players

Wanted

  • Race: Zerg Zerg
  • League: Diamond

IIIIIIIIIIII - Winner!

  • Race: Terran Terran
  • League: Diamond

VOD

Have the link to the VOD?

Description

Time

  • Played on: Oct. 7, 2015, 2:42 p.m.
  • Length: 10:41
Show
View Real Time Build Order
Export as new Build Order

Wanted Zerg 

Build Orders: Hatch First 

Get SALT Encoding   

  12  0:00  Drone  
  13  0:12  Overlord  
  13  0:18  Drone  
  14  0:31  Drone x2  
  16  0:37  Drone  
  17  0:52  Hatchery  
  16  0:58  Drone  
  17  1:15  Drone x2, Spawning Pool  
  18  1:22  Drone  
  19  1:39  Hatchery  
  18  1:42  Drone x2  
  20  1:50  Overlord  
  20  2:02  Queen  
  20  2:06  Queen  
  24  2:11  Zergling x2  
  24  2:12  Zergling x2  
  27  2:15  Drone  
  27  2:16  Drone  
  27  2:22  Drone  
  29  2:34  Drone, Overlord  
  30  2:41  Queen  
  32  2:44  Queen  
  32  2:46  Drone x2  
  36  2:54  Queen  
  38  2:59  Overlord  
  38  3:00  Drone  
  38  3:01  Drone  
  38  3:04  Drone  
  41  3:10  Drone  
  41  3:12  Overlord  
  42  3:22  Drone x6  
  42  3:26  Drone x2  
  42  3:27  Extractor x2  
  49  3:30  Extractor  
  49  3:31  Extractor  
  46  3:34  Drone x2  
  47  3:42  Overlord  
  46  3:53  Drone x4, Spine Crawler  
  46  3:54  Zergling x2  
  46  3:55  Zergling x2  
  51  4:00  Spine Crawler  
  50  4:04  Drone x2  
  52  4:10  Spine Crawler  
  52  4:13  Metabolic Boost  
  52  4:15  Spine Crawler  
  52  4:16  Drone x3  
  53  4:20  Baneling Nest  
  52  4:25  Drone x3  
  55  4:35  Spore Crawler  
  55  4:37  Overlord  
  55  4:38  Overlord  
  54  4:41  Drone x3  
  56  4:54  Drone x8  
  64  5:04  Evolution Chamber  
  64  5:06  Evolution Chamber  
  61  5:09  Zergling x2  
  61  5:10  Zergling x10  
  67  5:18  Zergling x12  
  73  5:30  Baneling x3  
  69  5:44  Zergling x22  
  71  5:51  Zergling x2  
  71  5:52  Zergling x2  
  70  5:57  Zergling x14  
  70  6:02  Zerg Ground Armor Level 1, Zerg Melee Weapons Level 1  
  76  6:06  Baneling x6  
  72  6:12  Zergling x2  
  72  6:13  Zergling x4  
  63  6:27  Zergling x22  
  74  6:38  Drone x2  
  76  6:40  Spore Crawler  
  76  6:42  Overlord  
  76  6:43  Drone x2  
  76  6:46  Lair  
  77  6:50  Baneling x7  
  77  6:51  Baneling x2  
  77  6:52  Drone x2  
  79  6:54  Drone  
  79  6:55  Drone  
  80  7:04  Drone x3  
  80  7:06  Extractor  
  80  7:07  Extractor  
  80  7:09  Extractor  
  80  7:11  Overlord x2  
  80  7:14  Overlord  
  80  7:15  Drone x2  
  81  7:21  Burrow  
  81  7:26  Spore Crawler  
  80  7:34  Pneumatized Carapace  
  80  7:45  Hatchery  
  80  7:48  Spire  
  78  7:54  Nydus Network  
  78  7:58  Overlord x3  
  77  8:02  Spore Crawler  
  77  8:03  Zerg Melee Weapons Level 2  
  76  8:06  Drone  
  76  8:07  Drone x5  
  76  8:09  Overlord  
  77  8:14  Spore Crawler  
  68  8:33  Overlord  
  66  8:38  Spore Crawler  
  66  8:41  Drone, Extractor  
  61  8:46  Extractor  
  54  9:05  Mutalisk x6  
  61  9:23  Mutalisk x3  
  63  9:31  Mutalisk  
  63  9:37  Mutalisk  
  63  9:38  Mutalisk  
  69  9:51  Mutalisk  
  71  10:06  Mutalisk  
  67  10:11  Drone x7  
  67  10:12  Drone x2  
  74  10:18  Drone x4  
  78  10:22  Drone x2  
Show
View Real Time Build Order
Export as new Build Order

IIIIIIIIIIII Terran - Winner!

Build Orders: Mech 

Get SALT Encoding   

  12  0:01  SCV  
  13  0:13  SCV  
  14  0:18  Supply Depot  
  14  0:25  SCV  
  15  0:40  SCV  
  15  0:41  Barracks  
  16  0:45  Refinery  
  16  0:52  SCV  
  17  1:04  SCV  
  18  1:18  SCV  
  19  1:30  Orbital Command  
  19  1:31  Barracks Reactor  
  19  1:41  Command Center  
  19  1:51  Supply Depot  
  19  1:57  SCV  
  20  2:08  Marine x2  
  20  2:09  SCV  
  20  2:14  Factory  
  23  2:20  Refinery  
  23  2:21  SCV  
  24  2:26  Marine x2  
  26  2:33  SCV  
  27  2:45  SCV  
  27  2:49  Marine  
  27  2:50  Marine  
  30  2:57  SCV  
  32  2:58  Starport  
  32  2:59  Factory Tech Lab  
  32  3:01  Orbital Command  
  31  3:09  SCV  
  32  3:19  Siege Tank  
  35  3:20  Marine  
  35  3:21  SCV, Marine  
  38  3:29  SCV  
  38  3:33  SCV  
  40  3:35  Supply Depot  
  40  3:40  Marine  
  40  3:41  SCV  
  40  3:42  Medivac  
  40  3:45  SCV  
  44  3:51  Marine  
  44  3:53  SCV  
  46  3:56  Siege Tank  
  46  3:58  SCV  
  50  4:04  Bunker  
  50  4:06  SCV  
  52  4:10  SCV  
  52  4:16  Supply Depot  
  53  4:20  Medivac  
  54  4:34  Command Center  
  54  4:38  SCV x2, Marine  
  56  4:39  Marine  
  58  4:50  SCV x2  
  60  4:56  Marine x2  
  60  4:59  Refinery  
  62  5:01  Siege Tank  
  62  5:02  SCV x2  
  67  5:14  SCV, Marine  
  67  5:17  Starport Tech Lab  
  67  5:20  Marine  
  70  5:23  Factory  
  70  5:26  Factory  
  70  5:36  Command Center  
  70  5:37  Refinery  
  70  5:42  Liberator  
  70  5:45  SCV x2, Marine x2  
  67  5:54  Siege Tank  
  67  5:56  Orbital Command  
  62  6:00  SCV x2  
  62  6:03  Marine x2  
  68  6:12  SCV  
  68  6:13  SCV  
  68  6:24  SCV  
  66  6:25  SCV  
  66  6:29  Liberator  
  66  6:30  Factory Tech Lab  
  68  6:34  SCV  
  68  6:36  SCV  
  68  6:37  SCV  
  68  6:39  Engineering Bay  
  70  6:47  SCV  
  74  6:48  SCV  
  74  6:50  SCV, Hellion x2  
  74  6:53  Refinery  
  80  6:56  Refinery  
  80  6:59  SCV  
  80  7:00  SCV  
  82  7:02  SCV, Orbital Command  
  83  7:09  Missile Turret  
  83  7:11  SCV, Missile Turret  
  83  7:13  SCV  
  83  7:14  SCV  
  86  7:16  Factory  
  86  7:20  Factory  
  86  7:23  SCV  
  86  7:25  SCV  
  86  7:26  SCV  
  86  7:29  SCV  
  90  7:31  Cyclone  
  90  7:32  Cyclone  
  90  7:33  Widow Mine x2  
  100  7:40  SCV  
  100  7:41  Supply Depot  
  100  7:42  Supply Depot  
  101  7:47  Armory  
  101  7:50  Unknown  
  101  7:51  Armory  
  101  8:03  Cyclone, Mag-Field Accelerator  
  101  8:04  Cyclone, Starport Reactor  
  107  8:06  Factory Tech Lab  
  107  8:10  SCV x2  
  109  8:14  Missile Turret  
  109  8:24  Command Center  
  109  8:25  Missile Turret  
  109  8:26  Cyclone x2  
  115  8:28  SCV  
  116  8:36  SCV  
  116  8:37  Cyclone  
  116  8:38  Missile Turret, Hellbat  
  116  8:40  SCV  
  123  8:44  Cyclone  
  123  8:46  SCV  
  123  8:47  Hellion  
  129  8:48  SCV  
  129  8:50  Liberator  
  130  9:03  Supply Depot  
  130  9:04  Supply Depot x2  
  130  9:07  Cyclone  
  136  9:12  Cyclone  
  139  9:17  SCV  
  139  9:19  SCV  
  139  9:23  Hellbat  
  140  9:24  Hellbat, Missile Turret, Liberator  
  140  9:25  Cyclone  
  140  9:26  Missile Turret  
  140  9:30  Hellbat  
  140  9:31  Orbital Command  
  146  9:34  Supply Depot  
  146  9:39  Hellbat  
  149  9:50  Supply Depot  
  149  9:56  Missile Turret  
  149  10:01  Cyclone  
  149  10:06  Refinery, Missile Turret x2  
  152  10:09  Cyclone, Refinery  
  152  10:13  SCV  
  155  10:19  SCV x2  
Tags
 
Composition
Mech
Matchup
TvZ
Add a new tag
Caveats
  • Supply blocks, unpowered buildings, or Contaminate may cause inaccurate times.
  • Supply counts are checked every 10 seconds.